 Dungeon Crawl Stone Soup version 0.22.0-32-gbc6daba (webtiles) character file.

878 Monsterracer the Conjurer (level 8, 0/52 HPs)
             Began as a Formicid Conjurer on Aug 23, 2018.
             Was a Follower of Cheibriados.
             Slain by an ice beast (14 damage)
             ... on level 6 of the Dungeon.
             The game lasted 00:09:20 (6385 turns).

Monsterracer the Conjurer (Formicid Conjurer)       Turns: 6385, Time: 00:09:21

Health: 0/52       AC:  5    Str: 14    XL:     8   Next: 25%
Magic:  7/16       EV: 11    Int: 20    God:    Cheibriados [*.....]
Gold:   324        SH:  0    Dex: 13    Spells: 6/17 levels left

rFire    . . .     SeeInvis +   a - +1 falchion (drain)
rCold    . . .     Gourm    .   (no shield)
rNeg     . . .     Faith    .   j - +0 ring mail
rPois    .         Spirit   .   (helmet unavailable)
rElec    .         Reflect  .   (no cloak)
rCorr    +         Harm     .   (no gloves)
MR       .....                  (no boots)
Stlth    +.........             (no amulet)
HPRegen  0.17/turn              n - ring of resist corrosion
MPRegen  0.15/turn              (no ring)

@: very slow
A: permanent stasis, dig shafts and tunnels, four strong arms, antennae 3
a: Dig, Shaft Self, Bend Time, Renounce Religion


You were on level 6 of the Dungeon.
You worshipped Cheibriados.
Cheibriados was aware of your devotion.
You were not hungry.

You visited 1 branch of the dungeon, and saw 6 of its levels.

You collected 324 gold pieces.

Inventory:

Hand Weapons
 a - a +1 falchion of draining (weapon)
Armour
 j - a +0 ring mail (worn)
Jewellery
 n - a ring of resist corrosion (left hand)
Wands
 e - a wand of flame (15)
Scrolls
 h - a scroll of magic mapping {!r}
Potions
 b - a potion of heal wounds
 d - a potion of mutation {!q}
 f - a potion of degeneration {unknown}
 g - a potion of might {unknown}
 i - 4 potions of curing
 k - a potion of flight
 m - a potion of brilliance
 o - a potion of magic {unknown}
 q - a potion of resistance {unknown}
Comestibles
 c - 7 rations


   Skills:
 + Level 1.2 Long Blades
 - Level 1.7 Dodging
 - Level 2.4 Stealth
 + Level 5.4 Spellcasting
 * Level 7.5 Conjurations


You had 6 spell levels left.
You knew the following spells:

 Your Spells              Type           Power        Failure   Level  Hunger
a - Magic Dart            Conj           ####         1%          1    None
b - Searing Ray           Conj           #####.       1%          2    None
c - Iskenderun's Mystic   Conj           #####...     11%         4    ####...
d - Fulminant Prism       Conj/Hex       ###.......   43%         4    ####...

Your spell library contained the following spells:

 Spells                   Type           Power        Failure   Level  Hunger
 Dazzling Spray           Conj/Hex       ###...       14%         3    ##.....
 Force Lance              Conj/Tloc      ###.....     43%         4    ####...


Dungeon Overview and Level Annotations

Branches:
Dungeon (6/15)             Temple (0/1) D:6

Altars:
Cheibriados
Kikubaaqudgha
Okawaru
Trog
Wu Jian
Zin
The Shining One


Innate Abilities, Weirdness & Mutations

You cannot be hasted, slowed, berserked, paralysed or teleported.
You can dig through walls and to a lower floor.
Your four strong arms can wield two-handed weapons with a shield.
You have a pair of large antennae on your head. (SInv)


Message History

The iguana is heavily wounded.
The iguana bites you!
You take 11 damage, and have 31/52 hp.
MASSIVE DAMAGE!!
You now have 9/16 mp.
Unknown command.
Casting: Magic Dart (safe; 1% risk of failure)
Confirm with . or Enter, or press ? or * to list all spells.
Aiming: Searing Ray (safe; 1% risk of failure)
Press: ? - help, Shift-Dir - straight line, f - iguana
Aim: an iguana (heavily wounded)
The searing ray hits the iguana.
The iguana is almost dead. (Press . to maintain the ray.)
The iguana bites you.
You take 4 damage, and have 27/52 hp.
You now have 7/16 mp.
The searing ray hits the iguana.
You kill the iguana!
Cheibriados thoroughly appreciates the change of pace.
You now have 6/16 mp.
You start resting.
Your magical contamination has completely faded away.
You regained 2 hp, and now have 29/52 hp.
You regained 2 mp, and now have 8/16 mp.
You start resting.
The sentinel's mark upon you fades away.
Unknown command.
You start resting.
Magic restored.
You regained 7 hp, and now have 37/52 hp.
MP restored: 16 All of the chunks of flesh in your inventory have rotted away.
HP restored.
You see here an iguana corpse.
g - an orange potion Health restored: 52 Unknown command.
Found a plate armour.
You see here a plate armour.
Found a plate armour.
Okay, then.
You now have 309 gold pieces (gained 10).
You now have 324 gold pieces (gained 15).
You sense a monster nearby.
Found a short sword.
You sense a monster nearby.
An adder and an ice beast come into view.
There are monsters nearby!
The adder hisses angrily.
The adder bites you.
You take 2 damage, and have 50/52 hp.
Casting: Searing Ray (safe; 1% risk of failure)
Confirm with . or Enter, or press ? or * to list all spells.
Aiming: Searing Ray (safe; 1% risk of failure)
Press: ? - help, Shift-Dir - straight line, f - adder
Aim: an adder The searing ray misses the adder.
The searing ray hits the ice beast.
The ice beast is moderately wounded. (Press . to maintain the ray.)
The adder misses you.
You now have 14/16 mp.
The searing ray hits the adder.
The adder is heavily wounded.
The adder bites you but does no damage. The adder closely misses you.
You riposte.
You miss the adder.
The adder is heavily wounded.
You now have 13/16 mp.
The searing ray misses the adder.
The adder bites you. The ice beast completely misses you.
You take 2 damage, and have 49/52 hp.
You now have 12/16 mp.
The searing ray hits the adder.
You kill the adder!
Cheibriados thoroughly appreciates the change of pace.
You finish channeling your searing ray.
The ice beast hits you. The ice beast freezes you.
You take 9 damage, and have 40/52 hp.
You now have 11/16 mp.
Casting: Searing Ray (safe; 1% risk of failure)
Confirm with . or Enter, or press ? or * to list all spells.
Aiming: Searing Ray (safe; 1% risk of failure)
Press: ? - help, Shift-Dir - straight line, f - ice beast
Aim: an ice beast (moderately wounded)
The searing ray hits the ice beast.
The ice beast is moderately wounded. (Press . to maintain the ray.)
The ice beast hits you but does no damage.
You now have 9/16 mp.
The searing ray hits the ice beast.
The ice beast is heavily wounded.
The ice beast hits you. The ice beast freezes you!
You take 13 damage, and have 27/52 hp.
MASSIVE DAMAGE!!
You now have 8/16 mp.
The searing ray hits the ice beast.
The ice beast is heavily wounded.
The ice beast hits you.
* * * LOW HITPOINT WARNING * * *
The ice beast freezes you!
* * * LOW HITPOINT WARNING * * *
You take 12 damage, and have 15/52 hp.
MASSIVE DAMAGE!!
The searing ray misses the ice beast.
You finish channeling your searing ray.
The ice beast hits you.
* * * LOW HITPOINT WARNING * * *
The ice beast freezes you!
You die...

#.##.#)# #.# #
#.#.# ###.##.#
#.##.#.# #...##.#
#.....(. #.#)##.#
#####..# #...##.#
#..# #.#.##.# #...
#†Y.##.# #..#
#@#.##.########..#
#...#............#
###.#.##########.#
#...# #.# #####
#.# #.. ###


You could see an ice beast.

Vanquished Creatures
  Edmund (D:6)
  A sky beast (D:5)
  A bullfrog (D:6)
  A howler monkey (D:4)
  2 crimson imps (D:5)
  A hound (D:4)
  A bullfrog skeleton (D:6)
  A gnoll shaman (D:6)
  A jelly (D:5)
  6 worker ants
  2 iguanas
  6 adders
  4 gnolls (D:6)
  2 shadow imps
  2 worms
  A dart slug (D:2)
  7 orcs
  2 ball pythons
  6 bats
  2 giant cockroaches
  12 goblins
  4 hobgoblins
  4 jackals (D:6)
  A frilled lizard (D:1)
  7 kobolds
  A quokka skeleton (D:4)
  A quokka zombie (D:5)
  5 rats
85 creatures vanquished.

Notes
Turn   | Place    | Note
-------+----------+-------------------------------------------
     0 | D:1      | Monsterracer the Formicid Conjurer began the quest for the Orb.
     0 | D:1      | Reached XP level 1. HP: 13/13 MP: 3/3
   308 | D:1      | Reached XP level 2. HP: 19/19 MP: 1/5
   421 | D:1      | Reached skill level 4 in Conjurations
   742 | D:2      | Learned a level 2 spell: Searing Ray
   790 | D:2      | Reached XP level 3. HP: 24/24 MP: 2/7
  1312 | D:2      | Reached XP level 4. HP: 30/30 MP: 3/8
  1412 | D:2      | Found an ancient bone altar of Kikubaaqudgha.
  1414 | D:2      | Found a glowing golden altar of the Shining One.
  1434 | D:2      | Found an ornate altar of the Wu Jian Council.
  1667 | D:2      | Found an iron altar of Okawaru.
  2030 | D:3      | Learned a level 4 spell: Iskenderun's Mystic Blast
  2893 | D:3      | Found a snail-covered altar of Cheibriados.
  2930 | D:3      | Became a worshipper of Cheibriados the Contemplative
  2948 | D:4      | Reached skill level 5 in Conjurations
  2948 | D:4      | Reached XP level 5. HP: 28/35 MP: 4/10
  2953 | D:4      | HP: 16/35 [howler monkey (7)]
  2960 | D:4      | HP: 11/35 [howler monkey (3)]
  3377 | D:4      | Reached XP level 6. HP: 41/41 MP: 3/11
  3383 | D:4      | Learned a level 4 spell: Fulminant Prism
  3909 | D:5      | Entered Level 5 of the Dungeon
  3931 | D:5      | Found a glowing silver altar of Zin.
  4101 | D:5      | HP: 20/41 [poisoned by a worker ant]
  4106 | D:5      | HP: 15/41 [poisoned by a worker ant]
  4112 | D:5      | HP: 12/41 [poisoned by a worker ant]
  4117 | D:5      | HP: 11/41 [poisoned by a worker ant]
  4124 | D:5      | HP: 9/41 [poisoned by a worker ant]
  4132 | D:5      | HP: 8/41 [poisoned by a worker ant]
  4518 | D:5      | Reached skill level 6 in Conjurations
  4684 | D:5      | Reached XP level 7. HP: 46/46 MP: 9/13
  5343 | D:6      | Noticed Edmund
  5360 | D:6      | HP: 16/46 [Edmund/dire flail of draining (14)]
  5369 | D:6      | Killed Edmund
  5369 | D:6      | Reached skill level 5 in Spellcasting
  5589 | D:6      | Reached skill level 7 in Conjurations
  5590 | D:6      | HP: 23/46 [gnoll/spear (7)]
  5593 | D:6      | Reached * piety under Cheibriados
  5598 | D:6      | HP: 18/46 [gnoll/spear (7)]
  5600 | D:6      | Reached XP level 8. HP: 20/52 MP: 0/15
  5849 | D:6      | Found a staircase to the Ecumenical Temple.
  6051 | D:6      | Found a bloodstained altar of Trog.
  6079 | D:6      | Reached skill level 1 in Long Blades
  6384 | D:6      | HP: 26/52 [ice beast (1)]
  6385 | D:6      | Slain by an ice beast

Skill      XL: |  1  2  3  4  5  6  7  8 |
---------------+-------------------------+-----
Conjurations   | 4 5 6 7 |  7.5
Spellcasting   | 3 4 5 |  5.4
Long Blades    | 1 |  1.2
Dodging        | |  1.7
Stealth        | |  2.4

Action                   |  1- 3 |  4- 6 |  7- 9 || total
-------------------------+-------+-------+-------++-------
Melee: Dagger            |       |    14 |       ||    14
 Cast: Magic Dart        |    55 |   109 |    44 ||   208
       Searing Ray       |     2 |     5 |    12 ||    19
  Use: Scroll            |       |    11 |     4 ||    15
  Eat: Chunk             |     2 |    10 |     2 ||    14
       Ration            |       |       |     1 ||     1
Armor: Robe              |     3 |     6 |     1 ||    10
       Ring mail         |       |       |     2 ||     2
Dodge: Dodged            |     1 |    29 |    28 ||    58
       Rpst.: Falchion   |       |       |    11 ||    11

Vault maps used:
D:1:      minmay_arrival_doors
D:2:      marbit_many_paths, grunt_temple_overflow_open
D:3:      lemuel_round_altar, grunt_ministairs_11
D:4:      first_ration, minmay_misc_feat_more_columns
D:5:      zin_academy, minmay_misc_feat_five, minmay_misc_feat_four_crosses
D:6:      lemuel_coloured_pillars_altar, minmay_temple_entry_trees,
          hangedman_minor_gate_pass, uniq_edmund
